 Dungeon Crawl Stone Soup version 0.25.1-2-g60ff931df9 (webtiles) character file.

Game seed: 5186974983814331356

287793 Almogavar the Hoplite (level 19, -4/179 HPs)
             Began as a Minotaur Berserker on Aug 28, 2020.
             Was the Champion of Trog.
             Slain by a large slime creature (19 damage)
             ... on level 2 of the Pits of Slime on Aug 29, 2020.
             The game lasted 03:16:17 (39908 turns).

Almogavar the Hoplite (Minotaur Berserker)         Turns: 39908, Time: 03:16:17

Health: -4/179     AC: 29    Str: 33    XL:     19   Next: 87%
Magic:  0/24       EV: 10    Int:  4    God:    Trog [******]
Gold:   768        SH:  0    Dex: 13    Spells: 18/18 levels left

rFire    . . .     SeeInvis .   A - +12 quick blade (venom)
rCold    . . .     Gourm    .   v - +2 tower shield {reflect}
rNeg     . . .     Faith    .   J - +2 crystal plate armour
rPois    +         Spirit   +   H - +1 hat
rElec    .         Reflect  +   n - +0 cloak
rCorr    +         Harm     .   F - +3 pair of gauntlets of War {Slay+5}
MR       +....                  h - +2 pair of boots
Stlth    ..........             s - brooch of Shielding {Spirit SH+8}
HPRegen  0.00/turn              o - ring of the Salamander {rPois rCorr}
MPRegen  0.19/turn              d - +6 ring of strength

@: confused, corroded
A: retaliatory headbutt, horns 2, inhibited regeneration
}: 2/15 runes: decaying, gossamer
a: Berserk, Trog's Hand, Brothers in Arms, Renounce Religion


You were on level 2 of the Pits of Slime.
You worshipped Trog.
Trog was exalted by your worship.
You were not hungry.

You visited 6 branches of the dungeon, and saw 33 of its levels.

You collected 3512 gold pieces.
You spent 2744 gold pieces at shops.

Inventory:

Hand Weapons
 r - the +3 long sword "Minotaur's Doom" {vorpal, MR+ Dex+2 Stlth+}
   (Trog gifted it to you on level 14 of the Dungeon)

   It inflicts extra damage upon your enemies.
   It affects your dexterity (+2).
   It affects your resistance to hostile enchantments.
   It makes you more stealthy.
 z - the +5 demon blade of Trog's Whim {flame, Dex+3}
   (Trog gifted it to you on level 10 of the Dungeon)

   It has been specially enchanted to burn those struck by it, causing extra
   injury to most foes and up to half again as much damage against particularly
   susceptible opponents.
   Big, fiery blades are also staple armaments of hydra-hunters.
   It affects your dexterity (+3).
 A - a +12 quick blade of venom (weapon)
Missiles
 j - 26 boomerangs (quivered)
Armour
 h - a +2 pair of boots (worn)
 n - a +0 cloak (worn)
 v - a +2 tower shield of reflection (worn)
 F - the +3 pair of gauntlets of War (worn) {Slay+5}
   (You bought it in a shop on level 2 of the Orcish Mines)

   It affects your accuracy and damage with ranged weapons and melee attacks
   (+5).
 H - a +1 hat (worn)
 J - a +2 crystal plate armour (worn)
 W - a +2 kite shield of positive energy
Jewellery
 d - a +6 ring of strength (right hand)
 m - an uncursed ring of positive energy
 o - the ring of the Salamander (left hand) {rPois rCorr}
   (You bought it in a shop on level 2 of the Orcish Mines)

   [ring of resist corrosion]

   It protects you from poison.
   It provides partial protection from all sources of acid and corrosion.
 s - the brooch of Shielding (around neck) {Spirit SH+8}
   (You bought it in a shop on level 13 of the Dungeon)

   [amulet of guardian spirit]

   It causes incoming damage to be split between your health and magic.
   It affects your SH (+8).
 t - an uncursed ring of stealth
 w - a +6 ring of dexterity
 N - an uncursed ring of protection from fire
 P - an uncursed ring of protection from cold
 R - an uncursed ring of flight
Wands
 k - a wand of clouds (5)
 x - a wand of flame (57)
 L - a wand of iceblast (21)
Scrolls
 a - 7 scrolls of magic mapping
 e - 7 scrolls of remove curse
 y - 15 scrolls of teleportation
 B - a scroll of fog
 G - 3 scrolls of silence
 Q - 3 scrolls of blinking
 V - 2 scrolls of fear
Potions
 b - a potion of magic
 g - 10 potions of curing
 i - 6 potions of heal wounds
 l - 6 potions of might
 q - 3 potions of cancellation
 u - 2 potions of haste
 Z - a potion of invisibility
Miscellaneous
 p - a phial of floods
 K - 2 phantom mirrors
 S - 2 boxes of beasts
Comestibles
 c - 58 rations


   Skills:
 + Level 18.2 Fighting
 + Level 10.3(13.1) Short Blades
 - Level 14.4(15.7) Long Blades
 + Level 16.1 Armour
 + Level 5.4 Dodging
 + Level 24.8 Shields
 * Level 8.1 Evocations


You had 18 spell levels left.
You didn't know any spells.
Your spell library was empty.

Dungeon Overview and Level Annotations

Branches:
Dungeon (15/15)            Temple (0/1) D:7            Lair (6/6) D:10
  Swamp (4/4) Lair:3       Spider (4/4) Lair:2        Slime (2/5) Lair:6
    Orc (2/2) D:12            Elf (0/3) Orc:2        Vaults (0/5) D:13
 Depths (0/5) D:15

Altars:
Fedhas
Nemelex Xobeh
Okawaru
Qazlal
Ru
Sif Muna
Yredelemnul
Beogh

Shops:
D:12 [   D:13 =   Orc:2 =![[

Annotations:
Lair:6 exclusion: 4 oklob plants


Innate Abilities, Weirdness & Mutations

You reflexively headbutt those who attack you in melee.
You have a pair of horns on your head.
You do not regenerate when monsters are visible.


Message History

* * * LOW HITPOINT WARNING * * *
The acid corrodes you!
You are splashed with acid!
You resist.
* * * LOW HITPOINT WARNING * * *
The slime creature hits you but does no damage.
You feel much better. The golden eye blinks at you.
You are more confused.
The large slime creature hits you.
* * * LOW HITPOINT WARNING * * *
The golden eye blinks at you. x3
You resist with almost no effort. The acid blob spits acid at you.
The splash of acid hits you. You resist.
* * * LOW HITPOINT WARNING * * *
You are splashed with acid.
You resist.
* * * LOW HITPOINT WARNING * * *
The slime creature hits you but does no damage.
The golden eye turns its gaze towards you.
The large slime creature hits you!!
You die...

###..... ..#...
##.#.....#...#..
#.......#.......
#..............#
##...............
#...#.........#.#
##.#.............
#......GJJ>...<..
##.#...J@G.......
#......G.G...#...
##............#..
#..............#
##.....#......#..
##..##..........
### .........
.........


You could see an acid blob, a large slime creature, a slime creature and 4
golden eyes.

Vanquished Creatures
  Bai Suzhen (Swamp:4)
  Arachne (Spider:4)
  Jorgrun (D:14)
  Gastronok (Lair:1)
  3 acid blobs (Slime:1)
  The ghost of Azzoler the Brawler, an adept TrFi of Hepliaklqana (Swamp:1)
  Agnes (D:14)
  Kirke (Spider:2)
  3 thorn hunters (Swamp:4)
  Donald (Spider:2)
  2 azure jellies (Slime:1)
  5 emperor scorpions
  The ghost of Delamore the Bludgeoner, an adept GrFi of Okawaru (Swamp:1)
  3 ghost moths (Spider:4)
  2 orc warlords (Orc:2)
  Louise (Swamp:1)
  A very ugly thing (Swamp:2)
  9 entropy weavers
  The ghost of harlaan the Carver, a journeyman DESu of Sif Muna (Swamp:1)
  Nessos (D:14)
  The ghost of Riag the Ripper, a journeyman FeBe of Trog (Swamp:1)
  7 spark wasps
  The ghost of Almogavar the Protected, a journeyman MiBe of Trog (Lair:4)
  Azrael (D:14)
  A vault guard (D:13)
  2 ice dragons
  Fannar (Lair:2)
  Harold (D:8)
  A rakshasa (D:15)
  2 catoblepae
  A ghost crab (Swamp:4)
  27 hydras
  4 centaur warriors
  A death knight (D:15)
  2 ogre magi
  2 shambling mangroves
  12 two-headed ogres
  8 death yaks
  14 alligators
  A queen ant (D:9)
  3 tengu warriors
  Nergalle (Orc:1)
  2 spriggan druids (Swamp:4)
  An unseen horror (D:15)
  9 swamp dragons
  5 orc knights
  A lindwurm (Lair:6)
  A phantasmal warrior (D:15)
  42 wolf spiders
  An oklob plant (Lair:1)
  A shining eye (Slime:1)
  6 moths of wrath
  16 ugly things
  23 orb spiders
  7 cyclopes
  8 orc sorcerers
  2 manticores (D:14)
  A black mamba (shapeshifter) (D:15)
  9 elephants
  Psyche (D:8)
  7 black mambas
  18 spiny frogs
  9 torpor snails
  8 komodo dragons
  6 centaur skeletons
  2 rime drakes
  2 kobold demonologists
  A freezing wraith (D:15)
  18 demonic crawlers
  3 meliai (D:15)
  11 polar bears
  14 tyrant leeches
  4 trolls
  41 jumping spiders
  A raiju (Lair:6)
  A wolf spider simulacrum (D:15)
  21 hornets
  28 slime creatures
  10 blink frogs
  7 hippogriffs
  14 bog bodies
  A dream sheep (shapeshifter) (D:15)
  A dream sheep (Lair:6)
  2 centaur simulacra (D:11)
  A meliai zombie (D:14)
  101 redbacks
  39 tarantellas
  4 spriggans (Swamp:2)
  A spriggan (shapeshifter) (D:15)
  A wyvern (D:11)
  A fire elemental (D:14)
  5 hogs
  A golden eye (shapeshifter) (D:15)
  A wraith (D:15)
  2 golden eyes (Slime:2)
  A human (D:8)
  53 yaks
  2 hungry ghosts
  3 basilisks
  18 vampire mosquitoes
  11 swamp worms
  8 insubstantial wisps
  9 soldier ants (D:9)
  16 water moccasins
  17 wargs
  2 acid dragons
  Edmund (D:6)
  21 hell hounds
  9 porcupines
  3 eyes of draining
  21 orc warriors
  3 ice beasts
  13 black bears
  18 ogres
  17 swamp drakes
  A hornet zombie (D:12)
  4 sky beasts
  An ogre (shapeshifter) (D:15)
  3 phantoms
  26 wolves
  9 centaurs
  5 boggarts
  7 crocodiles
  8 big kobolds
  29 bullfrogs
  2 wyvern zombies
  5 scorpions
  A water moccasin skeleton (D:10)
  12 killer bees
  8 wights
  A howler monkey (D:4)
  5 electric eels
  8 crimson imps
  4 bullfrog zombies
  2 centaur zombies
  12 hounds
  8 jellies
  21 orc priests
  Crazy Yiuf (D:7)
  2 gnoll shamans (D:6)
  3 bullfrog skeletons
  5 iguanas
  66 orc wizards
  36 worker ants
  2 worker ant zombies
  4 gnolls (D:6)
  11 adders
  5 shadow imps
  16 white imps
  3 ufetubi (D:11)
  An adder skeleton (D:4)
  A worm (D:5)
  3 dart slugs
  4 leopard geckos
  106 orcs
  12 bats
  2 giant cockroaches
  9 hobgoblins
  18 jackals
  4 quokkas
  A ball python (D:1)
  3 frilled lizards
  4 goblins
  34 kobolds
  A quokka skeleton (D:6)
  7 rats
  A briar patch (Swamp:4)
  A fungus (D:10)
  A plant (Lair:6)
1452 creatures vanquished.

Vanquished Creatures (collateral kills)
  2 hornets (Lair:4)
  2 spriggans (Lair:4)
  3 vampire mosquitoes (D:15)
7 creatures vanquished.

Vanquished Creatures (others)
  A shadow (Swamp:4)
  2 redbacks
  An orc wizard (Orc:2)
  An orc priest (Orc:1)
  An orc (Orc:1)
  A briar patch (Swamp:4)
  37 fungi
  36 plants
  2 withered plants (Swamp:1)
82 creatures vanquished.

Grand Total: 1541 creatures vanquished

Notes
Turn   | Place    | Note
-------+----------+-------------------------------------------
     0 | D:1      | Almogavar the Minotaur Berserker began the quest for the
                  | Orb.
     0 | D:1      | Reached XP level 1. HP: 19/19 MP: 0/0
   315 | D:1      | Reached XP level 2. HP: 27/27 MP: 1/1
   946 | D:2      | Found a blossoming altar of Fedhas.
  1568 | D:3      | Reached XP level 3. HP: 11/33 MP: 2/2
  1580 | D:3      | HP: 1/34 [orc priest/+0 trident (5)]
  1581 | D:3      | Reached skill level 5 in Long Blades
  1581 | D:3      | Reached XP level 4. HP: 2/41 MP: 3/3
  2001 | D:3      | Found a basalt altar of Yredelemnul.
  2001 | D:3      | Found a stormy altar of Qazlal.
  2210 | D:3      | Reached ** piety under Trog
  2754 | D:4      | Reached XP level 5. HP: 47/47 MP: 4/4
  2877 | D:4      | Found a shimmering blue altar of Sif Muna.
  2912 | D:4      | Reached skill level 1 in Shields
  3088 | D:4      | Reached XP level 6. HP: 45/55 MP: 5/5
  3295 | D:4      | Reached skill level 2 in Shields
  3571 | D:5      | Entered Level 5 of the Dungeon
  4031 | D:5      | Reached skill level 5 in Fighting
  4136 | D:6      | Reached *** piety under Trog
  4184 | D:6      | Reached skill level 3 in Shields
  4184 | D:6      | Reached XP level 7. HP: 61/61 MP: 6/6
  4277 | D:6      | Reached skill level 4 in Shields
  4342 | D:6      | Reached skill level 5 in Armour
  4361 | D:6      | Noticed a white ugly thing
  4404 | D:6      | HP: 1/91 [white ugly thing (28)]
  4409 | D:6      | Killed a white ugly thing
  4409 | D:6      | Reached skill level 5 in Shields
  4409 | D:6      | Reached XP level 8. HP: 2/68 MP: 7/7
  4413 | D:6      | Reached skill level 6 in Shields
  4669 | D:6      | Found an iron altar of Okawaru.
  4669 | D:6      | Noticed Edmund
  4693 | D:6      | Killed Edmund
  4838 | D:6      | Reached skill level 7 in Shields
  4908 | D:6      | Reached **** piety under Trog
  4916 | D:6      | Reached XP level 9. HP: 59/75 MP: 8/8
  5840 | D:7      | Found a staircase to the Ecumenical Temple.
  5886 | D:7      | Reached skill level 8 in Shields
  6228 | D:7      | Reached ***** piety under Trog
  6347 | D:7      | Found a runed translucent door.
  6348 | D:7      | Noticed Crazy Yiuf
  6501 | D:7      | Reached skill level 10 in Long Blades
  6530 | D:7      | Reached skill level 9 in Shields
  7179 | D:7      | Killed Crazy Yiuf
  7342 | D:8      | Noticed Psyche
  7354 | D:8      | Killed Psyche
  7354 | D:8      | Reached XP level 10. HP: 76/84 MP: 9/9
  7551 | D:8      | Noticed Harold
  7566 | D:8      | Received a gift from Trog
  7582 | D:8      | Killed Harold
  7582 | D:8      | Reached skill level 10 in Shields
  7920 | D:8      | You fall into a shaft and drop 3 floors!
  7985 | D:10     | Entered Level 10 of the Dungeon
  8597 | D:9      | Found a sacrificial altar of Ru.
  8705 | D:9      | Noticed a queen ant
  8725 | D:9      | Noticed a two-headed ogre
  8731 | D:9      | Killed a queen ant
  8731 | D:9      | Reached skill level 11 in Shields
  8734 | D:9      | Killed a two-headed ogre
  8734 | D:9      | Reached XP level 11. HP: 94/94 MP: 10/10
  9008 | D:9      | Identified the Volume of Heat
  9168 | D:9      | Noticed an eight-headed hydra
  9389 | D:9      | Identified a scroll of acquirement
  9395 | D:9      | Acquired a +1 crystal plate armour
  9493 | D:10     | Received a gift from Trog
  9519 | D:10     | Got a scorched demon blade {god gift}
  9520 | D:10     | Identified the +5 demon blade of Trog's Whim {flame, Dex+3}
                  | (Trog gifted it to you on level 10 of the Dungeon)
  9808 | D:10     | Found a staircase to the Lair.
 10069 | Lair:1   | Entered Level 1 of the Lair of Beasts
 10074 | Lair:1   | Noticed a four-headed hydra
 10423 | Lair:1   | Killed a one-headed hydra
 10423 | Lair:1   | Reached skill level 12 in Shields
 10555 | Lair:1   | Noticed an oklob plant
 10883 | Lair:1   | Reached XP level 12. HP: 105/105 MP: 11/11
 11072 | Lair:1   | Noticed Gastronok
 11094 | Lair:1   | Killed Gastronok
 11094 | Lair:1   | Reached skill level 10 in Armour
 11391 | Lair:2   | Noticed Fannar
 11409 | Lair:2   | Killed Fannar
 11635 | Lair:2   | Reached skill level 13 in Shields
 12125 | Lair:2   | Reached skill level 10 in Fighting
 12156 | Lair:2   | Found a hole to the Spider Nest.
 13150 | Lair:3   | Found a staircase to the Swamp.
 13203 | Lair:3   | Noticed a seven-headed hydra
 13212 | Lair:3   | Killed a three-headed hydra
 13920 | Lair:4   | Noticed a death yak
 13920 | Lair:4   | Noticed a death yak
 13920 | Lair:4   | Noticed a death yak
 13920 | Lair:4   | Noticed a death yak
 13921 | Lair:4   | Noticed a death yak
 13921 | Lair:4   | Noticed a death yak
 13935 | Lair:3   | Killed a death yak
 13935 | Lair:3   | Reached skill level 14 in Shields
 13941 | Lair:3   | Killed a death yak
 13948 | Lair:3   | Killed a death yak
 14188 | Lair:3   | Killed a death yak
 14195 | Lair:3   | Killed a death yak
 14195 | Lair:3   | Received a gift from Trog
 14195 | Lair:3   | Reached XP level 13. HP: 81/116 MP: 12/12
 14455 | Lair:4   | Found a runed translucent door.
 14462 | Lair:4   | Noticed Almogavar's ghost (journeyman MiBe)
 14462 | Lair:4   | Identified the +12 spear of Tumult {drain, rElec}
 14497 | Lair:4   | Killed Almogavar's ghost
 15348 | Lair:4   | Got a crystal scimitar
 15349 | Lair:4   | Identified the +10 scimitar "Orb Guardian's Doom" {freeze,
                  | *Corrode rN+ Stlth+} (You found it on level 4 of the Lair
                  | of Beasts)
 15582 | Lair:4   | Reached skill level 15 in Shields
 16827 | Lair:6   | Entered Level 6 of the Lair of Beasts
 16847 | Lair:6   | Reached skill level 16 in Shields
 17076 | Lair:6   | Found a staircase to the Slime Pits.
 17090 | Lair:6   | Received a gift from Trog
 17090 | Lair:6   | Reached XP level 14. HP: 129/129 MP: 13/13
 17446 | Lair:6   | Reached skill level 17 in Shields
 17843 | Lair:6   | Received a gift from Trog
 18012 | Lair:6   | Found a runed translucent door.
 18505 | Lair:6   | Reached skill level 18 in Shields
 19134 | D:11     | Found a sparkling altar of Nemelex Xobeh.
 19238 | D:11     | Reached ****** piety under Trog
 19860 | D:12     | Found a staircase to the Orcish Mines.
 19933 | D:12     | Received a gift from Trog
 20129 | D:12     | You fall into a shaft and drop 1 floor!
 20279 | D:13     | Reached skill level 5 in Dodging
 20279 | D:13     | Reached skill level 1 in Evocations
 20279 | D:13     | Reached XP level 15. HP: 139/139 MP: 13/15
 20343 | D:13     | Reached XP level 16. HP: 137/147 MP: 16/16
 20401 | D:13     | Found a gate to the Vaults.
 20445 | D:13     | Found Imoqia's Jewellery Boutique.
 20453 | D:13     | Bought the brooch of Shielding {Spirit SH+8} for 772 gold
                  | pieces
 20453 | D:13     | Found the brooch of Shielding {Spirit SH+8}
 20579 | D:13     | Reached skill level 19 in Shields
 20648 | D:13     | Received a gift from Trog
 21042 | D:13     | Reached skill level 15 in Fighting
 21525 | Orc:1    | Entered Level 1 of the Orcish Mines
 22082 | Orc:1    | Noticed Nergalle
 22089 | Orc:1    | Killed Nergalle
 22365 | Orc:2    | Entered Level 2 of the Orcish Mines
 22446 | Orc:2    | Found a staircase to the Elven Halls.
 22570 | Orc:2    | Received a gift from Trog
 22623 | Orc:2    | Found Pisad's Armour Emporium.
 22623 | Orc:2    | Found Venkof's Antique Armour Boutique.
 22805 | Orc:2    | Bought the +3 pair of gauntlets of War {Slay+5} for 1187
                  | gold pieces
 22805 | Orc:2    | Found the +3 pair of gauntlets of War {Slay+5}
 22820 | Orc:2    | Found a roughly hewn altar of Beogh.
 23005 | Orc:2    | Reached skill level 1 in Short Blades
 23037 | Orc:2    | Found Boshruree's Jewellery Boutique.
 23073 | Orc:2    | Found Qingid's Distillery.
 23074 | Orc:2    | Paralysed by an orc sorcerer for 3 turns
 23099 | Orc:2    | Bought 2 potions of might for 104 gold pieces
 24199 | D:12     | Found Okastow's Antique Armour Boutique.
 24443 | D:14     | Noticed Azrael
 24444 | D:14     | Noticed Agnes
 24464 | D:14     | Killed Agnes
 24464 | D:14     | Reached skill level 20 in Shields
 24473 | D:14     | Killed Azrael
 24473 | D:14     | Noticed Nessos
 24498 | D:14     | Killed Nessos
 24508 | D:14     | Received a gift from Trog
 24510 | D:14     | Noticed Jorgrun
 24538 | D:14     | Killed Jorgrun
 24538 | D:14     | Reached skill level 5 in Short Blades
 24561 | D:14     | Got a fading long sword {god gift}
 24562 | D:14     | Identified the +3 long sword "Minotaur's Doom" {vorpal, MR+
                  | Dex+2 Stlth+} (Trog gifted it to you on level 14 of the
                  | Dungeon)
 25217 | D:15     | Entered Level 15 of the Dungeon
 26287 | D:15     | Reached XP level 17. HP: 154/158 MP: 15/17
 26441 | D:15     | Found a staircase to the Depths.
 26741 | Swamp:1  | Entered Level 1 of the Swamp
 26781 | Swamp:1  | Reached skill level 21 in Shields
 27525 | Swamp:1  | Noticed Louise
 27550 | Swamp:1  | Killed Louise
 27631 | Swamp:1  | Found a runed translucent gate.
 27631 | Swamp:1  | Found a runed translucent gate.
 27631 | Swamp:1  | Found a runed translucent gate.
 27633 | Swamp:1  | Noticed harlaan's ghost (journeyman DESu)
 27633 | Swamp:1  | Noticed Riag's ghost (journeyman FeBe)
 27634 | Swamp:1  | Noticed Azzoler's ghost (adept TrFi)
 27634 | Swamp:1  | Noticed Delamore's ghost (adept GrFi)
 28375 | Swamp:1  | Killed harlaan's ghost
 28654 | Swamp:1  | Killed Delamore's ghost
 28681 | Swamp:1  | Killed Riag's ghost
 28761 | Swamp:1  | Killed Azzoler's ghost
 28815 | Swamp:2  | Received a gift from Trog
 30227 | Swamp:3  | Reached skill level 22 in Shields
 30231 | Swamp:3  | Reached skill level 15 in Armour
 30334 | Swamp:3  | Received a gift from Trog
 31004 | Swamp:4  | Entered Level 4 of the Swamp
 31394 | Swamp:4  | Reached XP level 18. HP: 62/168 MP: 11/19
 32168 | Swamp:4  | Noticed Bai Suzhen
 32188 | Swamp:4  | Killed Bai Suzhen
 33125 | Swamp:4  | Got a decaying rune of Zot
 33497 | Orc:2    | Bought a potion of degeneration for 13 gold pieces
 33507 | Orc:2    | Bought the ring of the Salamander {rPois rCorr} for 499
                  | gold pieces
 33516 | Orc:2    | Bought a potion of might for 52 gold pieces
 33516 | Orc:2    | Bought a potion of heal wounds for 65 gold pieces
 33516 | Orc:2    | Bought a potion of might for 52 gold pieces
 33679 | Spider:1 | Entered Level 1 of the Spider Nest
 34110 | Spider:1 | Received a gift from Trog
 34112 | Spider:1 | Reached skill level 23 in Shields
 34232 | Spider:1 | Reached skill level 5 in Evocations
 35154 | Spider:2 | Noticed Kirke
 35162 | Spider:2 | Killed Kirke
 35808 | Spider:2 | Received a gift from Trog
 36185 | Spider:2 | Noticed Donald
 36196 | Spider:2 | Killed Donald
 36509 | Spider:3 | Reached XP level 19. HP: 165/178 MP: 20/22
 37061 | Spider:4 | Entered Level 4 of the Spider Nest
 37062 | Spider:4 | Received a gift from Trog
 37306 | Spider:4 | Reached skill level 24 in Shields
 37755 | Spider:4 | Reached skill level 10 in Short Blades
 37902 | Spider:4 | Noticed Arachne
 37964 | Spider:4 | Killed Arachne
 38832 | Spider:4 | Got a gossamer rune of Zot
 39352 | Slime:1  | Entered Level 1 of the Pits of Slime
 39397 | Slime:1  | Received a gift from Trog
 39686 | Slime:1  | Gained mutation: You do not regenerate when monsters are
                  | visible. [a shining eye]
 39906 | Slime:2  | HP: 8/179 [acid blob/splash of acid (7)]
 39906 | Slime:2  | HP: 2/179 [acid (6)]
 39908 | Slime:2  | Slain by a large slime creature

Illustrated notes

Levels and vault maps discovered:
D:1:      wander_arrival_peaceful_grave, layout_loops_corners
D:2:      layout_loops_ring, fedhas_altar_3
D:3:      layout_loops_cross, gammafunk_temple_overflow_elements,
          minmay_ruptured
D:4:      layout_cave_pods, tgw_sif, first_ration
D:5:      layout_rooms
D:6:      kennysheep_housing_project, layout_loops_ring, basic_altar,
          corexii_item_surrounded_by_moat, kennysheep_decorative_pillar,
          uniq_edmund
D:7:      layout_loops_corners, minmay_temple_entry_hall, minmay_circle_x,
          uniq_crazy_yiuf_cottage
D:8:      layout_cave_pools, serial_column_ruins, column_ruins_hut_ruined,
          column_ruins_hut_ruined, column_ruins_open_tiny_water,
          column_ruins_columns_plus, column_ruins_columns_straight,
          column_ruins_corridor_straight, column_ruins_open_small,
          column_ruins_open_small, grunt_livestock, uniq_psyche, uniq_harold
D:9:      layout_roguey, kennysheep_mini_moat, chequers_mini_garden,
          zaba_antful_of_joy
D:10:     layout_roguey, due_lair_maze_entry_diamond
D:11:     layout_long_grid, serial_ice, serial_ice_k, serial_ice_c,
          serial_ice_e, serial_ice_a, serial_ice_g, serial_ice_d,
          portal_ice_cave_entry_imps, nemelex_diamond_rough_becter
D:12:     layout_irregular_city, orc_0_dummy, serial_shops, kennysheep_mini
D:13:     layout_roguey, david_vaults_5, serial_shops, shop, grunt_potential
D:14:     layout_basic, uniq_jorgrun, uniq_nessos, uniq_agnes, uniq_azrael
D:15:     gammafunk_enter_depths_forms, layout_basic, hangedman_decor_growths
Lair:1:   dpeg_oklob_gauntlet, layout_gridlike, chequers_serial_rivers_large_b,
          uniq_gastronok
Lair:2:   layout_cellular_growth, spider_nest_entry_webs, serial_bayou_ford_a,
          cheibrodos_lair_reptile_den, uniq_fannar
Lair:3:   layout_loops_ring, minmay_swamp_entry_wisps
Lair:4:   layout_roguey, ebering_ghost_funeral_grove, serial_bayou_pond_d,
          bobbens_ice_dragon_lair, lemuel_fruit_tree
Lair:5:   layout_roguey, minivault_27, grunt_megastairs_4,
          infiniplex_staircase_pool_2
Lair:6:   wormcave, layout_long_grid, hangedman_lair_caniforms_friends,
          minmay_slime_entry_pillars, grunt_megastairs_1,
          minmay_lair_oklob_chamber
Swamp:1:  layout_falls_marsh, gammafunk_ghost_cemetery, hangedman_swamp_lotus,
          nicolae_swamp_round_clearing, uniq_louise
Swamp:2:  layout_falls_marsh, evilmike_swamp_ruin_house_3, swamp_pool4
Swamp:3:  layout_falls_marsh, evilmike_swamp_ruin_rubble_2
Swamp:4:  swamp, layout_basic_swamp, swamp_pool1, hangedman_swamp_diagram,
          infiniplex_staircase_pool, uniq_bai_suzhen
Spider:1: layout_chambers
Spider:2: layout_chambers, nicolae_spider_cling_ruins, uniq_kirke, uniq_donald
Spider:3: layout_spider_delve
Spider:4: johnstein_spider_rune_arachne_lair, nicolae_spider_webbed_stairs
Slime:1:  cheibrodos_slime_lost_civilization_10, layout_caves
Slime:2:  layout_caves
Orc:1:    layout_diamond_mine, uniq_nergalle
Orc:2:    st_orc_town, layout_caves, library_closet, mines_bat_river

Skill      XL: |  1  2  3  4  5  6  7  8  9 10 11 12 13 14 15 16 17 18 19 |
---------------+----------------------------------------------------------+-----
Long Blades    | 4 5 6 8 9 10 12 13 14 | 14.4
Fighting       | 4 5 6 8 9 11 13 14 15 16 17 18 | 18.2
Armour         | 3 4 5 6 7 8 9 11 12 13 14 15 16 | 16.1
Shields        | 1 3 5 7 9 11 12 14 16 18 20 22 23 24 | 24.8
Dodging        | 3 4 5 |  5.4
Evocations     | 1 3 6 8 |  8.1
Short Blades   | 6 8 9 10 | 10.3

Action                   |  1- 3 |  4- 6 |  7- 9 | 10-12 | 13-15 | 16-18 | 19-21 || total
-------------------------+-------+-------+-------+-------+-------+-------+-------++-------
Melee: Falchion          |    53 |   191 |   389 |    30 |       |       |       ||   663
       Headbutt          |     7 |    35 |   100 |   185 |   320 |   730 |   251 ||  1628
       Scimitar          |       |       |       |   205 |    20 |       |       ||   225
       Demon blade       |       |       |       |   356 |   897 |   789 |       ||  2042
       Quick blade       |       |       |       |       |       |  1245 |   595 ||  1840
Invok: Trog's Hand       |       |       |     2 |     3 |     1 |     3 |     1 ||    10
       Berserk           |       |       |     1 |     4 |       |       |       ||     5
       Brothers in Arms  |       |       |       |       |     1 |       |       ||     1
  Use: Scroll            |     5 |     2 |     1 |     4 |     7 |    18 |     4 ||    41
       Potion            |       |       |     1 |       |     1 |     3 |     1 ||     6
  Eat: Chunk             |     2 |     9 |    12 |    20 |    11 |    26 |     8 ||    88
       Ration            |       |       |       |     2 |     3 |     8 |     1 ||    14
Armor: Animal skin       |     8 |       |       |       |       |       |       ||     8
       Leather armour    |     9 |     1 |       |       |       |       |       ||    10
       Chain mail        |       |   116 |   112 |    50 |       |       |       ||   278
       Crystal plate arm |       |       |       |   105 |   290 |   376 |   168 ||   939
Dodge: Dodged            |    57 |    40 |    49 |    45 |    88 |   153 |    55 ||   487
Block: Tower shield      |       |   107 |   242 |   400 |   787 |  1707 |   547 ||  3790
       Reflection        |       |       |       |       |       |    23 |     8 ||    31
       Rpst.: Falchion   |    16 |    14 |    13 |     1 |       |       |       ||    44
       Scimitar          |       |       |       |     7 |       |       |       ||     7
       Demon blade       |       |       |       |     3 |    11 |    10 |       ||    24
